 Dungeon Crawl Stone Soup version 0.25-a0-346-g140ab784a8 (webtiles) character file.

Game seed: 617679845104365624, levelgen mode: deterministic

15422 mopl the Grappler (level 12, -7/101 HPs)
             Began as a Minotaur Transmuter on Dec 31, 2019.
             Was the Champion of Cheibriados.
             Mangled by a two-headed ogre
             ... wielding a +0 giant spiked club
              (9 damage)
             ... while petrified by a basilisk
             ... on level 12 of the Dungeon.
             The game lasted 00:30:43 (16289 turns).

mopl the Grappler (Minotaur Transmuter)            Turns: 16289, Time: 00:30:46

Health: -7/101     AC:  9    Str: 31    XL:     12   Next: 1%
Magic:  0/18       EV:  2    Int: 29    God:    Cheibriados [******]
Gold:   631        SH:  0    Dex: 30    Spells: 3/20 levels left

rFire    + . .     SeeInvis .   b - +0 hunting sling
rCold    . . .     Gourm    .   (no shield)
rNeg     + + +     Faith    +   q - +0 troll leather armour
rPois    ∞         Spirit   +   (helmet restricted)
rElec    .         Reflect  .   H - scarf {Spirit}
rCorr    +         Harm     .   R - +0 pair of gloves "Xuocuxta" {+Blink rCorr Dex+4 Slay+2}
MR       +....                  (no boots)
Stlth    ++........             I - amulet of faith {!P}
HPRegen  0.66/turn              U - ring of protection from magic
MPRegen  0.16/turn              Q - ring of protection from fire

@: petrified, very slow
A: retaliatory headbutt, horns 2, icy blue scales 1, slimy green scales 1, wild
magic 1, MP-powered wands
a: Bend Time, Temporal Distortion, Slouch, Step From Time, Renounce Religion,
Evoke Blink


You were on level 12 of the Dungeon.
You worshipped Cheibriados.
Cheibriados was exalted by your worship.
You were hungry.

You visited 2 branches of the dungeon, and saw 13 of its levels.

You collected 631 gold pieces.

Inventory:

Hand Weapons
 b - a +0 hunting sling (weapon)
Missiles
 a - 194 arrows
 g - 172 stones (quivered)
 k - 128 sling bullets
 l - 66 poisoned darts
 w - 14 boomerangs
 S - a throwing net
Armour
 q - a +0 troll leather armour (worn)
 t - a +1 robe of magic resistance
 H - a scarf of spirit shield (worn)
 L - a cursed +0 shield
 P - a +1 robe of cold resistance
 R - the +0 pair of gloves "Xuocuxta" (worn) {+Blink rCorr Dex+4 Slay+2}
   (You found it on level 10 of the Dungeon)

   It affects your dexterity (+4).
   It affects your accuracy and damage with ranged weapons and melee attacks
   (+2).
   It lets you blink.
   It provides partial protection from all sources of acid and corrosion.
Magical Staves
 M - an uncursed staff of air
Jewellery
 s - an uncursed ring of wizardry
 y - a +3 ring of intelligence
 I - an amulet of faith (around neck) {!P}
 J - the ring "Pirit" {rPois MR- Str+3 Slay+2}
   (You found it on level 8 of the Dungeon)

   [ring of strength]

   It affects your strength (+3).
   It affects your accuracy and damage with ranged weapons and melee attacks
   (+2).
   It protects you from poison.
   It affects your resistance to hostile enchantments.
 K - an uncursed amulet of rage {unknown}
 N - an uncursed ring of ice
 Q - a ring of protection from fire (right hand)
 U - a ring of protection from magic (left hand)
 V - an uncursed ring of fire
Wands
 x - a wand of digging (4)
 z - a wand of flame (3)
 D - a wand of iceblast (15)
 F - a wand of disintegration (13)
Scrolls
 c - 2 scrolls of fear {unknown}
 f - a scroll of immolation {unknown}
 h - 2 scrolls of blinking {unknown}
 i - 4 scrolls of teleportation {unknown}
 j - 4 scrolls of enchant armour
 o - 11 scrolls of remove curse
 u - a scroll of fog {unknown}
 B - 2 scrolls of enchant weapon {unknown}
 T - a scroll of vulnerability {unknown}
 W - a scroll of noise {unknown}
Potions
 e - 4 potions of curing
 m - 2 potions of resistance
 n - 2 potions of heal wounds
 p - 3 potions of mutation {!q}
 r - a potion of invisibility
 v - 4 potions of might
 A - a potion of berserk rage {!q}
 C - 2 potions of agility
 E - 4 potions of haste
 G - 3 potions of flight
 O - a potion of magic
Comestibles
 d - 24 rations


   Skills:
 + Level 8.0 Fighting
 + Level 7.2 Throwing
 + Level 7.6 Dodging
 + Level 8.7 Unarmed Combat
 + Level 4.6 Spellcasting
 + Level 8.4 Transmutations
 - Level 2.0 Ice Magic
 - Level 1.0 Poison Magic
 + Level 6.5 Invocations


You had 3 spell levels left.
You knew the following spells:

 Your Spells              Type           Power        Failure   Level  Hunger
a - Apportation           Tloc           #.....       11%         1    None
b - Spider Form           Tmut/Pois      #####.....   5%          3    #......
c - Blade Hands           Tmut           ######....   10%         5    #####..
d - Ice Form              Ice/Tmut       #####...     13%         4    ###....
e - Beastly Appendage     Tmut           ######       1%          1    None
f - Confusing Touch       Hex            #.....       11%         1    None
w - Sticks to Snakes      Tmut           ######..     1%          2    None

Your spell library contained the following spells:

 Spells                   Type           Power        Failure   Level  Hunger
 Passwall                 Tmut/Erth      #####...     3%          2    None
 Animate Skeleton         Necr           N/A          11%         1    None
 Corona                   Hex            #......      11%         1    None
 Foxfire                  Conj/Fire      #...         11%         1    None
 Sandblast                Erth           #.....       11%         1    None
 Summon Small Mammal      Summ           #...         11%         1    None
 Ensorcelled Hibernation  Hex/Ice        ###...       11%         2    None
 Call Imp                 Summ           #.......     16%         2    None
 Call Canine Familiar     Summ           #.......     30%         3    #......
 Confuse                  Hex            #.......     30%         3    #......
 Conjure Flame            Conj/Fire      #.......     30%         3    #......
 Dazzling Flash           Conj/Hex       #.....       30%         3    #......
 Inner Flame              Hex/Fire       #.......     30%         3    #......
 Stone Arrow              Conj/Erth      #.....       30%         3    #......
 Summon Guardian Golem    Hex/Summ       #.......     30%         3    #......
 Tukima's Dance           Hex            #.......     30%         3    #......
 Petrify                  Tmut/Erth      #####...     19%         4    ###....
 Summon Ice Beast         Ice/Summ       ###.....     52%         4    ###....
 Sticky Flame             Conj/Fire      #.......     65%         4    ###....
 Summon Lightning Spire   Summ/Air       #.......     65%         4    ###....
 Fireball                 Conj/Fire      #.........   93%         5    #####..
 Lee's Rapid Deconstruct  Erth           #.........   93%         5    #####..


Dungeon Overview and Level Annotations

Branches:
Dungeon (12/15)            Temple (1/1) D:6            Lair (0/6) D:10
    Orc (0/2) D:11

Altars:
Ashenzari
Cheibriados
Dithmenos
Elyvilon
Fedhas
Gozag
Hepliaklqana
Kikubaaqudgha
Makhleb
Nemelex Xobeh
Okawaru
Qazlal
Sif Muna
Trog
Uskayaw
Wu Jian
Xom
Yredelemnul
Zin
The Shining One


Innate Abilities, Weirdness & Mutations

You reflexively headbutt those who attack you in melee.
You have a pair of horns on your head.
You are partially covered in icy blue scales. (AC +2)
You are partially covered in slimy green scales. (AC +2)
Your spells are a little harder to cast, but a little more powerful.
You expend magic power (3 MP) to strengthen your wands.


Message History

The orc warrior hits you from afar with a +0 halberd!
The two-headed ogre hits you with a +0 giant spiked club!
The two-headed ogre hits you with a +0 giant club!!
The orc warrior hits you from afar with a +0 halberd!!
* * * LOW HITPOINT WARNING * * *
The two-headed ogre hits you with a +0 giant spiked club!!
* * * LOW HITPOINT WARNING * * *
The two-headed ogre hits you with a +0 giant club!!
* * * LOW HITPOINT WARNING * * *
The orc priest invokes the aid of Beogh against you.
Beogh smites you!
* * * LOW HITPOINT WARNING * * *
The orc warrior hits you from afar with a +0 halberd!
* * * LOW HITPOINT WARNING * * *
Your hands revert to their normal proportions.
Your +0 hunting sling unmelds from your body.
The +0 pair of gloves "Xuocuxta" {+Blink rCorr Dex+4 Slay+2} unmelds from your body.
The two-headed ogre hits you with a +0 giant spiked club.
The two-headed ogre hits you with a +0 giant club!!
You die...

.........##'##########
........###.###
#'####### #...# ###.#
##.##### #......###
#........#
###......#..#
####@.......# #
#loO.#....<.#
.((yoa####......#
(..## #......# .
###.#### #.# #.. ##+#


You could see a two-headed ogre, a basilisk, an orc warrior, a worker ant, a
killer bee and an orc priest.

Vanquished Creatures
  Erolcha (D:11)
  Fannar (D:11)
  A centaur warrior (D:11)
  An iron troll (D:11)
  A cyclops (D:12)
  2 ugly things (D:11)
  A centaur zombie (D:12)
  14 trolls
  2 hippogriffs
  7 yaks
  2 hungry ghosts
  2 wargs (D:10)
  A water moccasin (D:10)
  3 orc warriors
  A black bear (D:9)
  A sky beast (D:8)
  2 necrophages (D:6)
  6 ogres
  2 eyes of draining
  3 phantoms
  An ice beast (D:10)
  4 centaurs
  2 crocodiles
  7 bullfrogs
  2 wyvern zombies
  2 scorpions
  23 killer bees
  7 wights
  4 electric eels
  3 howler monkeys
  3 crimson imps
  A bullfrog zombie (D:6)
  2 quasits
  2 centaur skeletons
  7 hounds
  8 orc priests
  4 jellies
  20 orc wizards
  2 bullfrog skeletons
  4 iguanas
  13 worker ants
  A killer bee zombie (D:10)
  2 hound skeletons
  A hound zombie (D:10)
  4 gnolls
  5 adders
  4 shadow imps
  2 adder zombies
  2 adder skeletons
  6 worms
  A dart slug (D:4)
  A leopard gecko (D:6)
  39 orcs
  A ball python (D:8)
  4 giant cockroaches
  6 goblins
  2 hobgoblins
  12 jackals
  3 kobolds
  2 quokkas
  3 bats
  2 frilled lizards (D:1)
  A jackal zombie (D:8)
  6 rats
285 creatures vanquished.

Vanquished Creatures (others)
  An iguana (D:7)
1 creature vanquished.

Grand Total: 286 creatures vanquished

Notes
Turn   | Place    | Note
-------+----------+-------------------------------------------
     0 | D:1      | mopl the Minotaur Transmuter began the quest for the Orb.
     0 | D:1      | Reached XP level 1. HP: 16/16 MP: 1/1
   503 | D:1      | Reached XP level 2. HP: 23/23 MP: 3/3
   592 | D:1      | Learned a level 2 spell: Sticks to Snakes
   725 | D:2      | Reached skill level 2 in Transmutations
  1464 | D:3      | Reached XP level 3. HP: 9/28 MP: 2/4
  1722 | D:3      | Found a sparkling altar of Nemelex Xobeh.
  1833 | D:2      | Reached skill level 2 in Spellcasting
  2259 | D:2      | Reached XP level 4. HP: 31/35 MP: 6/6
  2267 | D:2      | Learned a level 3 spell: Spider Form
  2473 | D:3      | Reached skill level 1 in Throwing
  3366 | D:4      | Reached skill level 4 in Unarmed Combat
  3366 | D:4      | Reached XP level 5. HP: 31/40 MP: 3/7
  3807 | D:4      | You fall into a shaft and drop 1 floor!
  3807 | D:5      | Entered Level 5 of the Dungeon
  3808 | D:5      | Noticed a necrophage
  3808 | D:5      | Noticed an orc warrior
  3810 | D:5      | Noticed a centaur
  3856 | D:6      | Reached skill level 3 in Transmutations
  4277 | D:5      | Noticed a phantom
  4281 | D:6      | Reached skill level 1 in Poison Magic
  4281 | D:6      | Reached XP level 6. HP: 19/47 MP: 4/9
  4854 | D:6      | Found a staircase to the Ecumenical Temple.
  4880 | D:6      | Reached skill level 2 in Throwing
  4884 | D:6      | Reached skill level 3 in Spellcasting
  5164 | D:6      | Reached XP level 7. HP: 50/50 MP: 3/10
  5179 | Temple   | Entered the Ecumenical Temple
  5352 | Temple   | Became a worshipper of Cheibriados the Contemplative
  5379 | D:6      | Learned a level 4 spell: Ice Form
  5433 | D:5      | Reached skill level 4 in Transmutations
  5835 | D:6      | Reached skill level 2 in Fighting
  5835 | D:6      | Reached skill level 1 in Invocations
  6360 | D:6      | Reached XP level 8. HP: 45/59 MP: 12/12
  6366 | D:5      | Reached * piety under Cheibriados
  6444 | D:5      | Reached skill level 5 in Unarmed Combat
  6503 | D:5      | Reached skill level 3 in Dodging
  6649 | D:5      | Reached skill level 3 in Throwing
  6649 | D:5      | Reached skill level 1 in Ice Magic
  7616 | D:4      | Reached skill level 2 in Invocations
  7816 | D:4      | Reached skill level 4 in Spellcasting
  8008 | D:4      | Learned a level 5 spell: Blade Hands
  8019 | D:4      | Reached skill level 3 in Fighting
  8648 | D:6      | Reached skill level 5 in Transmutations
  9067 | D:6      | Found a hide-covered altar of Uskayaw.
  9753 | D:7      | Found a bloodstained altar of Trog.
  9794 | D:7      | Found a shimmering altar of Xom.
  9796 | D:7      | Found a hazy altar of Hepliaklqana.
 10019 | D:7      | Gained mutation: Scrolls take you a little longer to read.
                  | [mutagenic glow]
 10033 | D:7      | HP: 3/61 [wyvern zombie (14)]
 10034 | D:7      | Reached XP level 9. HP: 25/70 MP: 1/14
 10047 | D:7      | Gained mutation: You tend to lose your temper in combat.
                  | [mutagenic glow]
 10067 | D:7      | Gained mutation: You are frail. (-10% HP) [mutagenic glow]
 10119 | D:7      | Gained mutation: You are very frail. (-20% HP) [mutagenic
                  | glow]
 10251 | D:7      | Lost mutation: You are very frail. (-20% HP) [potion of
                  | mutation]
 10251 | D:7      | Lost mutation: You tend to lose your temper in combat.
                  | [potion of mutation]
 10251 | D:7      | Lost mutation: You are frail. (-10% HP) [potion of
                  | mutation]
 10251 | D:7      | Lost mutation: Scrolls take you a little longer to read.
                  | [potion of mutation]
 10251 | D:7      | Gained mutation: You are partially covered in icy blue
                  | scales. (AC +2) [potion of mutation]
 10251 | D:7      | Gained mutation: Your spells are a little harder to cast,
                  | but a little more powerful. [potion of mutation]
 10251 | D:7      | Gained mutation: You are partially covered in slimy green
                  | scales. (AC +2) [potion of mutation]
 10251 | D:7      | Gained mutation: You expend magic power (3 MP) to
                  | strengthen your wands. [potion of mutation]
 10350 | D:7      | Reached ** piety under Cheibriados
 10367 | D:7      | Reached skill level 4 in Dodging
 10812 | D:7      | Found an opulent altar of Gozag.
 10812 | D:7      | Found a sparkling altar of Nemelex Xobeh.
 10921 | D:8      | Reached skill level 2 in Ice Magic
 10967 | D:8      | Reached skill level 4 in Throwing
 11293 | D:8      | Reached skill level 3 in Invocations
 11467 | D:8      | Reached skill level 4 in Fighting
 11527 | D:8      | Got a clouded pewter ring
 11528 | D:8      | Identified the ring "Pirit" {rPois MR- Str+3 Slay+2} (You
                  | found it on level 8 of the Dungeon)
 11539 | D:8      | Reached skill level 6 in Unarmed Combat
 11548 | D:8      | Reached *** piety under Cheibriados
 11669 | D:8      | Reached skill level 6 in Transmutations
 12086 | D:8      | Learned a level 1 spell: Confusing Touch
 12194 | D:9      | Reached skill level 5 in Dodging
 12198 | D:9      | Reached skill level 5 in Fighting
 12198 | D:9      | Reached skill level 4 in Invocations
 12200 | D:9      | Reached **** piety under Cheibriados
 12292 | D:9      | Reached XP level 10. HP: 81/81 MP: 10/15
 12322 | D:9      | Reached skill level 5 in Throwing
 12430 | D:9      | Learned a level 1 spell: Apportation
 12604 | D:9      | Found a shattered altar of Ashenzari.
 12667 | D:9      | You fall into a shaft and drop 3 floors!
 12667 | D:12     | Noticed a cyclops
 12679 | D:12     | Killed a cyclops
 12679 | D:12     | Reached skill level 7 in Unarmed Combat
 12997 | D:12     | Reached skill level 7 in Transmutations
 13047 | D:11     | Noticed Fannar
 13058 | D:11     | Killed Fannar
 13058 | D:11     | Reached skill level 6 in Fighting
 13058 | D:11     | Reached skill level 6 in Dodging
 13058 | D:11     | Reached skill level 5 in Invocations
 13146 | D:11     | Found a staircase to the Orcish Mines.
 13162 | D:10     | Entered Level 10 of the Dungeon
 13177 | D:10     | Reached ***** piety under Cheibriados
 13194 | D:10     | Reached skill level 6 in Throwing
 13208 | D:10     | Found a staircase to the Lair.
 13563 | D:10     | Reached XP level 11. HP: 91/91 MP: 7/16
 13685 | D:10     | Got a pair of polished gloves
 13711 | D:10     | Identified the +0 pair of gloves "Xuocuxta" {+Blink rCorr
                  | Dex+4 Slay+2} (You found it on level 10 of the Dungeon)
 14847 | D:11     | Noticed a centaur warrior
 14856 | D:11     | Killed a centaur warrior
 14856 | D:11     | Reached skill level 7 in Fighting
 14856 | D:11     | Reached skill level 8 in Transmutations
 14978 | D:11     | Reached skill level 8 in Unarmed Combat
 14985 | D:11     | Noticed Erolcha
 14995 | D:11     | Killed Erolcha
 15076 | D:11     | Noticed a white ugly thing
 15085 | D:11     | Killed a white ugly thing
 15085 | D:11     | Reached ****** piety under Cheibriados
 15085 | D:11     | Reached skill level 7 in Dodging
 15111 | D:11     | Reached skill level 6 in Invocations
 15140 | D:11     | Noticed a green ugly thing
 15147 | D:11     | Killed a green ugly thing
 15673 | D:11     | Noticed an iron troll
 15679 | D:11     | Reached skill level 7 in Throwing
 15688 | D:11     | Killed an iron troll
 15759 | D:11     | Reached skill level 8 in Fighting
 16269 | D:12     | Noticed a two-headed ogre
 16273 | D:12     | Reached XP level 12. HP: 99/101 MP: 11/18
 16288 | D:12     | HP: 4/101 [orc priest/divine providence (4)]
 16288 | D:12     | HP: 1/101 [orc warrior/+0 halberd (3)]
 16289 | D:12     | Mangled by a two-headed ogre

Levels and vault maps discovered:
D:1:      dpeg_arrival_chambers_temple_mockup, layout_basic
D:2:      layout_basic, first_ration
D:3:      layout_basic, nemelex_xobeh_ov_fountains_minmay
D:4:      layout_basic, mrwooster_statue_mirror
D:5:      layout_cave_pools
D:6:      layout_loops_ring, lemuel_coloured_pillars_altar,
          minmay_temple_entry_statues_fountains, minivault_4
D:7:      layout_loops_ring, grunt_temple_overflow_opulence,
          kennysheep_mini_moat, nicolae_overflow_hidden_temple,
          serial_park_tiny_pond
D:8:      layout_loops_ring
D:9:      layout_roguey, lemuel_doored_altar, serial_rivers,
          chequers_serial_rivers_room_b, chequers_serial_rivers_large_a,
          chequers_serial_rivers_micro_a, chequers_serial_rivers_small_b
D:10:     layout_basic, erik_lair_orcish_takeover, grunt_ogre_cave
D:11:     lemuel_troll_bridge, layout_layer_cave, orc_0_dummy, uniq_fannar,
          uniq_erolcha
D:12:     layout_roguey
Temple:   nicolae_temple_figure_eight

Skill      XL: |  1  2  3  4  5  6  7  8  9 10 11 |
---------------+----------------------------------+-----
Transmutations | 2 3 4 5 6 7 8 |  8.4
Spellcasting   | 2 3 4 |  4.6
Throwing       | 1 2 3 4 6 7 |  7.2
Unarmed Combat | 4 5 6 7 8 |  8.7
Poison Magic   | 1 |  1.0
Fighting       | 2 3 5 6 8 |  8.0
Invocations    | 1 2 4 5 6 |  6.5
Dodging        | 3 5 6 7 |  7.6
Ice Magic      | 1 2 |  2.0

Action                   |  1- 3 |  4- 6 |  7- 9 | 10-12 || total
-------------------------+-------+-------+-------+-------++-------
Melee: Unarmed           |    50 |    77 |   287 |   193 ||   607
       Kick              |     2 |       |       |       ||     2
       Punch             |     1 |       |     2 |     2 ||     5
       Headbutt          |     6 |       |     9 |    23 ||    38
       Hunting sling     |       |       |       |     2 ||     2
 Fire: Hunting sling     |    34 |   107 |   135 |   166 ||   442
 Cast: Beastly Appendage |    10 |       |       |       ||    10
       Sticks to Snakes  |     1 |       |       |       ||     1
       Spider Form       |       |    13 |    18 |     5 ||    36
       Ice Form          |       |       |    15 |     8 ||    23
       Blade Hands       |       |       |     1 |    10 ||    11
Invok: Temporal Distorti |       |       |       |     1 ||     1
       Slouch            |       |       |       |     1 ||     1
 Abil: End Transformatio |       |     1 |       |     3 ||     4
Evoke: Wand              |       |       |     2 |       ||     2
  Use: Scroll            |     5 |     5 |     4 |     3 ||    17
       Potion            |       |       |     2 |     2 ||     4
  Eat: Chunk             |     4 |    11 |    18 |    15 ||    48
Armor: Robe              |     7 |    22 |    19 |     9 ||    57
       Skin              |       |     3 |    31 |    15 ||    49
       Troll leather arm |       |       |       |    36 ||    36
Dodge: Dodged            |    21 |    88 |   231 |   162 ||   502

Table legend:
 A = Non-vault XP
 B = Vault XP
 C = Vault XP percentage of total XP
 D = Non-vault monster count
 E = Vault monster count
 F = Vault count percentage of total count
                 A         B        C        D         E       F
            +---------+---------+-------+---------+---------+-------
      Total |   15191 |    6841 |  31.1 |     262 |      24 |   8.4
            +---------+---------+-------+---------+---------+-------
        D:1 |      15 |       0 |   0.0 |      10 |       0 |   0.0
        D:2 |      68 |       0 |   0.0 |      17 |       0 |   0.0
        D:3 |     159 |       0 |   0.0 |      15 |       0 |   0.0
        D:4 |     492 |       0 |   0.0 |      20 |       0 |   0.0
        D:5 |     450 |       0 |   0.0 |      17 |       0 |   0.0
        D:6 |    1271 |       0 |   0.0 |      33 |       0 |   0.0
        D:7 |     482 |       0 |   0.0 |       9 |       0 |   0.0
        D:8 |    1507 |       0 |   0.0 |      31 |       0 |   0.0
        D:9 |    2666 |       0 |   0.0 |      28 |       0 |   0.0
       D:10 |    2673 |     699 |  20.7 |      37 |       9 |  19.6
       D:11 |    3332 |    6142 |  64.8 |      30 |      15 |  33.3
       D:12 |    2076 |       0 |   0.0 |      15 |       0 |   0.0
            +---------+---------+-------+---------+---------+-------
